 Dungeon Crawl Stone Soup version 0.24.0 (webtiles) character file.

Game seed: 915416612000553827, levelgen mode: deterministic

315 BloodyOldMate the Cudgeler (level 6, -4/39 HPs)
             Began as a Gargoyle Berserker on June 1, 2020.
             Was a Priest of Trog.
             Killed by nerve-wracking pain
             ... invoked by Grinder
              (6 damage)
             ... on level 3 of the Dungeon.
             The game lasted 00:13:41 (1738 turns).

BloodyOldMate the Cudgeler (Gargoyle Berserker)     Turns: 1738, Time: 00:13:42

Health: -4/39      AC: 10    Str: 23    XL:     6   Next: 44%
Magic:  6/6        EV: 11    Int:  5    God:    Trog [***...]
Gold:   161        SH:  0    Dex:  7    Spells: 5/5 levels left

rFire    . . .     SeeInvis .   a - +1 mace
rCold    . . .     Gourm    .   (no shield)
rNeg     + . .     Faith    .   j - +0 ring mail
rPois    ∞         Spirit   .   (helmet restricted)
rElec    +         Reflect  .   (no cloak)
rCorr    .         Harm     .   (no gloves)
MR       .....                  (no boots)
Stlth    ..........             (no amulet)
HPRegen  0.13/turn              (no ring)
MPRegen  0.10/turn              (no ring)

@: no status effects
A: horns 1, blurry vision 1, clumsy 1, dopey 1, negative energy resistance 1,
electricity resistance, unbreathing, evolution 1, petrification resistance, rot
immunity, AC +4
a: Berserk, Trog's Hand, Renounce Religion


You were on level 3 of the Dungeon.
You worshipped Trog.
Trog was most pleased with you.
You were not hungry.

You visited 1 branch of the dungeon, and saw 3 of its levels.

You collected 161 gold pieces.

Inventory:

Hand Weapons
 a - a +1 mace (weapon)
 d - a +0 scythe
 f - a +0 hand axe
Armour
 b - a +0 animal skin
 e - a +0 robe
 g - a +0 robe
 j - a +0 ring mail (worn)
Scrolls
 h - a scroll of remove curse
 i - a scroll of identify
Potions
 k - a potion of lignification
Comestibles
 c - 3 rations


   Skills:
 + Level 4.4 Fighting
 + Level 5.3 Maces & Flails
 + Level 2.8 Armour
 + Level 2.9 Dodging
 + Level 0.2 Stealth


You had 5 spell levels left.
You didn't know any spells.
Your spell library was empty.

Dungeon Overview and Level Annotations

Branches:
Dungeon (3/15)

Altars:

Annotations:
D:3 Grinder


Innate Abilities, Weirdness & Mutations

You are resistant to torment.
Your stone body is resilient. (AC +4)
You are immune to poison.
You resist negative energy. (rN+)
You are resistant to electric shocks. (rElec)
You can survive without breathing.
You are immune to petrification.
You are immune to rotting.
You have a pair of small horns on your head.
Scrolls take you a little longer to read.
You are clumsy. (Dex -2)
You are dopey. (Int -2)
You evolve.


Message History

Grinder gestures at you.
You suddenly lose the ability to move!
Grinder hits you but does no damage. x2
Grinder gestures at you. You resist with significant effort.
Grinder hits you but does no damage.
Grinder blinks!
You can move again.
Number of times to repeat, then command key: You must enter the number of times for the command to repeat.
You feel less wooden.
Your +0 ring mail unmelds from your body.
Grinder blinks!
Grinder completely misses you. Grinder gestures at you.
Pain shoots through your body!
* * * LOW HITPOINT WARNING * * *
Grinder gestures at you. Pain shoots through your body!
You die...

.. #♣♣..≈♣≈≈≈
....##P...≈≈≈P
..#....P.)P♣..
..####..#####
#####.## #..#
#......# #..#
#.###..###..#
###+##...........#
#....@..........##
#......5.....†..#
#...............#
#...............#
#...............#
+...............#
#...............#
#######.##......#
#.##......#


You could see Grinder.

Vanquished Creatures
  Sigmund (D:2)
  An orc wizard (D:3)
  Robin (D:3)
  3 adders
  An ooze (D:1)
  An adder zombie (D:3)
  4 worms
  2 dart slugs (D:1)
  5 orcs (D:3)
  4 giant cockroaches
  14 goblins
  6 hobgoblins
  3 jackals (D:3)
  6 kobolds
  2 bats
  5 frilled lizards
  5 rats
64 creatures vanquished.

Notes
Turn   | Place    | Note
-------+----------+-------------------------------------------
     0 | D:1      | BloodyOldMate the Gargoyle Berserker began the quest for
                  | the Orb.
     0 | D:1      | Reached XP level 1. HP: 14/14 MP: 1/1
   103 | D:1      | Reached XP level 2. HP: 17/19 MP: 2/2
   289 | D:1      | Reached XP level 3. HP: 19/24 MP: 3/3
   817 | D:2      | Reached ** piety under Trog
  1043 | D:2      | Noticed Sigmund
  1058 | D:2      | Killed Sigmund
  1058 | D:2      | Reached skill level 5 in Maces & Flails
  1058 | D:2      | Reached XP level 4. HP: 25/29 MP: 4/4
  1058 | D:2      | Reached XP level 5. HP: 28/33 MP: 5/5
  1093 | D:2      | Reached XP level 6. HP: 31/39 MP: 6/6
  1509 | D:3      | Gained mutation: You are clumsy. (Dex -2) [potion of
                  | mutation]
  1509 | D:3      | Gained mutation: Scrolls take you a little longer to read.
                  | [potion of mutation]
  1509 | D:3      | Gained mutation: You evolve. [potion of mutation]
  1509 | D:3      | Gained mutation: You have a pair of small horns on your
                  | head. [potion of mutation]
  1555 | D:3      | Noticed Robin
  1560 | D:3      | Killed Robin
  1590 | D:3      | Reached *** piety under Trog
  1612 | D:3      | Gained mutation: You are dopey. (Int -2) [evolution]
  1672 | D:3      | Noticed Grinder
  1672 | D:3      | Paralysed by Grinder for 2 turns
  1689 | D:3      | Paralysed by Grinder for 6 turns
  1711 | D:3      | Paralysed by Grinder for 2 turns
  1723 | D:3      | Paralysed by Grinder for 6 turns
  1735 | D:3      | HP: 1/39 [Grinder/nerve-wracking pain (7)]
  1738 | D:3      | Killed from afar by Grinder

Levels and vault maps discovered:
D:1:      moated_graveyard_arrival, layout_basic
D:2:      layout_rooms, kennysheep_generic_room_5, uniq_sigmund
D:3:      layout_basic, chequers_temple_overflow_statue_of_worship,
          serial_bayou, serial_bayou_shore_a, serial_bayou_pond_a,
          serial_bayou_ford_a, serial_bayou_pond_a, first_ration, uniq_grinder,
          uniq_ijyb, uniq_robin
